 Dungeon Crawl Stone Soup version 0.31.0-11-ge490571c62 (webtiles) character file.

Game seed: 15737529523886206152

1598 stipulation the Scholar of Death (level 8, -7/34 (36) HPs)
             Began as a Vine Stalker Necromancer on Feb 1, 2024.
             Was a Follower of Kikubaaqudgha.
             Engulfed by a cloud of foul pestilence (8 damage)
             ... on level 7 of the Dungeon.
             The game lasted 00:08:39 (4899 turns).

stipulation the Scholar of Death (VSNe)             Turns: 4899, Time: 00:08:39

HP:   -7/34 (36)    AC:  7    Str: 10    XL:     8   Next: 94%
MP:   0/21          EV: 12    Int: 17    God:    Kikubaaqudgha [*.....]
Gold: 179           SH:  5    Dex: 22    Spells: 6/23 levels left

rFire   + . .        C - +2 dagger (holy)
rCold   . . .        (no shield)
rNeg    . . .        a - +0 robe
rPois   .            p - +0 helmet
rElec   .            v - +0 cloak
rCorr   .            u - +0 pair of gloves
SInv    .            A - +1 pair of boots
Will    +....        s - amulet of reflection
Stlth   +++          o - +6 ring of dexterity
HPRegen 1.05/turn    r - ring of protection from fire
MPRegen 0.17/turn

%: reflection, guardian spirit
@: lethally poisoned (-7 -> -28), slowed, drained, very slow
A: fangs 3, regeneration 1, magic shield, antimagic bite, no potion heal 2
a: Renounce Religion, Unearth Wretches


You were on level 7 of the Dungeon.
You worshipped Kikubaaqudgha.
Kikubaaqudgha was aware of your devotion.
You visited 2 branches of the dungeon, and saw 7 of its levels.

You collected 179 gold pieces.

Inventory:

Hand Weapons
 l - a +0 short sword
 C - a +2 dagger of holy wrath (weapon)
Armour
 a - a +0 robe (worn)
 p - a +0 helmet (worn)
 u - a +0 pair of gloves (worn)
 v - a +0 cloak (worn)
 A - a +1 pair of boots (worn)
Jewellery
 o - a +6 ring of dexterity (left hand)
 r - a ring of protection from fire (right hand)
 s - an amulet of reflection (around neck)
 z - the Hermit's Pendant {Faith Invo=14 Evo=0 MP+5}
   (You found it on level 4 of the Dungeon)

   [amulet of faith]

   Invo=14: It sets your Invocations skill to 14.
   Evo=0: It sets your Evocations skill to 0.
   Faith:     It allows you to gain divine favour quickly.
   MP+5:      It affects your magic capacity (+5).
Wands
 i - a wand of iceblast (12)
 y - a wand of flame (23)
 E - a wand of quicksilver (14)
Scrolls
 b - a scroll of fog {unknown}
 d - a scroll of teleportation {unknown}
 e - 2 scrolls of fear
 f - a scroll of blinking {unknown}
 g - a scroll of amnesia {unknown}
 n - a scroll of poison {unknown}
 t - 3 scrolls of identify
 w - a scroll of summoning {unknown}
 B - a scroll of enchant weapon {unknown}
 F - a scroll of revelation {unknown}
Potions
 c - a potion of heal wounds {unknown}
 h - a potion of brilliance {unknown}
 j - 4 potions of curing
 k - 3 potions of mutation {unknown}
 m - 4 potions of cancellation {unknown}
 q - a potion of haste {unknown}
 x - 2 potions of might {unknown}
 D - 2 potions of enlightenment {unknown}


   Skills:
 - Level 1.5 Dodging
 - Level 2.4 Stealth
 + Level 8.0 Spellcasting
 + Level 8.8 Necromancy


You had 6 spell levels left.
You knew the following spells:

 Your Spells              Type           Power      Damage    Failure   Level
a - Necrotise             Necr           100%       1d9       1%          1
b - Vampiric Draining     Necr           36%        2d8       1%          3
c - Animate Dead          Necr           36%        N/A       2%          4
d - Curse of Agony        Necr           36%        N/A       8%          5
e - Cigotuvi's Dreadful   Necr/Alch/Air  32%        N/A       4%          2
f - Sublimation of Blood  Necr           36%        N/A       1%          2

Your spell library contained the following spells:

 Spells                   Type           Power      Damage    Failure   Level
 Kiss of Death            Conj/Necr      84%        2d11      1%          1
 Tukima's Dance           Hex            6%         N/A       30%         3
 Passage of Golubria      Tloc           6%         N/A       71%         4
 Yara's Violent Unravell  Hex/Alch       3%         3d4       96%         5
 Chain Lightning          Conj/Air       3%         3d4       100%        9
 Fire Storm               Conj/Fire      3%         8d1       100%        9
 Shatter                  Erth           3%         3d7*      100%        9


Dungeon Overview and Level Annotations

Branches:
Dungeon (5/15)             Temple (1/1) D:5

Altars:
Ashenzari
Cheibriados
Dithmenos
Elyvilon
Gozag
Hepliaklqana
Kikubaaqudgha
Makhleb
Nemelex Xobeh
Okawaru
Qazlal
Ru
Sif Muna
Trog
Uskayaw
Vehumet
Wu Jian
Xom
Yredelemnul
Zin
The Shining One

Annotations:
D:7 Menkaure


Innate Abilities, Weirdness & Mutations

You have razor-sharp teeth.
Your natural rate of healing is unusually fast.
When hurt, damage is shared between your health and your magic reserves.
Your bite disrupts and absorbs the magic of your enemies.
Potions cannot restore your health.


Message History

Aiming: Necrotise (safe; 1% risk of failure)
Press: ? - help, Shift-Dir - straight line, f - killer bee
Aim: a killer bee (moderately wounded, chance to affect: 88%)
Okay, then.
You block the killer bee's attack.
The killer bee attacks as it pursues you!
The killer bee stings you but does no damage.
The killer bee closely misses you.
The killer bee stings you but does no damage.
The killer bee attacks as it pursues you!
You block the killer bee's attack.
The killer bee attacks as it pursues you!
The killer bee stings you. x2
You are poisoned.
The killer bee poisons you! The killer bee stings you.
You feel very sick. The killer bee stings you.
You are more poisoned.
The killer bee poisons you! The killer bee barely misses you.
The killer bee closely misses you.
Casting: Necrotise (safe; 1% risk of failure)
Confirm with . or Enter, or press ? or * to list all spells.
Okay, then.
Casting: Necrotise (safe; 1% risk of failure)
Confirm with . or Enter, or press ? or * to list all spells.
A part of your flesh rots into a cloud of miasma!
You feel drained.
You feel very sick. The killer bee closely misses you.
The killer bee stings you.
* * * LOW HITPOINT WARNING * * *
The killer bee closely misses you. The killer bee stings you.
* * * LOW HITPOINT WARNING * * *
You are more poisoned.
The killer bee poisons you! The killer bee completely misses you.
Your system rejects the healing.
You feel better.
You are engulfed in dark miasma.
You are lethally poisoned!
You feel yourself slow down.
You die...
Kikubaaqudgha rasps: "You have failed me!
Welcome... death!"

...###.....# ##...... #
#.........####.......
.##.#.....##...........
...###...#............ ..
#.#.##.......#....... .
##............###..... .
#....y..##......##....
#.##...yyy####.##....†)).
#.#...##@### ###....#..##
#.....#..#.####....###)##
#....###.....#.......)))#
.##....#................##
...............##........##
..#............##.........#
#############...###........###
#........# #...##.......#.##
####........####...###......#..#


You could see 4 killer bees.

Vanquished Creatures
  A black bear (D:7)
  2 ogres (D:5)
  A kobold brigand (D:7)
  A bullfrog (D:7)
  2 scorpions (D:4)
  7 killer bees (D:7)
  3 jellies
  A bombardier beetle (D:5)
  4 hounds
  4 iguanas
  4 orc wizards
  2 howler monkey zombies (D:7)
  6 gnolls
  7 adders
  A shadow imp (D:7)
  2 white imps (D:7)
  2 dart slugs (D:1)
  17 orcs
  2 bats (D:2)
  4 endoplasms
  4 giant cockroaches
  4 goblins
  7 hobgoblins
  5 jackals
  11 kobolds
  2 quokkas
  5 ball pythons
  A frilled lizard (D:1)
  3 rats
115 creatures vanquished.

Vanquished Creatures (collateral kills)
  An ogre (D:5)
  A bombardier beetle (D:5)
  A gnoll (D:3)
3 creatures vanquished.

Grand Total: 118 creatures vanquished

Notes
Turn   | Place    | Note
-------+----------+-------------------------------------------
     0 | D:1      | stipulation the Vine Stalker Necromancer began the quest
                  | for the Orb.
     0 | D:1      | Reached XP level 1. HP: 9/9 MP: 4/4
   172 | D:1      | Reached XP level 2. HP: 13/13 MP: 2/6
   636 | D:2      | Reached XP level 3. HP: 16/16 MP: 5/8
   732 | D:2      | Identified the +3 scale mail of the Modern Visionaries {rC+
                  | Int+3}
  1082 | D:2      | Reached XP level 4. HP: 15/21 MP: 5/10
  1719 | D:3      | Reached skill level 5 in Necromancy
  1909 | D:3      | Reached XP level 5. HP: 10/24 MP: 1/11
  1927 | D:3      | Learned a level 3 spell: Vampiric Draining
  1932 | D:3      | Learned a level 4 spell: Animate Dead
  2718 | D:4      | Reached XP level 6. HP: 10/28 MP: 6/13
  2815 | D:4      | Identified the maw talisman "Tadamag" {rF++ Dex+4}
  3014 | D:4      | Found an ornate altar of the Wu Jian Council.
  3176 | D:4      | Found a faded altar of an unknown god.
  3176 | D:4      | Found the Hermit's Pendant {Faith Invo=14 Evo=0 MP+5}
  3288 | D:4      | Reached skill level 5 in Spellcasting
  3490 | D:5      | Entered Level 5 of the Dungeon
  3542 | D:5      | Found a staircase to the Ecumenical Temple.
  3591 | D:5      | Reached XP level 7. HP: 32/32 MP: 10/16
  4142 | D:5      | Gained mutation: You have razor-sharp teeth. [Vine Stalker
                  | growth]
  4142 | D:5      | Reached XP level 8. HP: 36/36 MP: 13/18
  4151 | Temple   | Entered the Ecumenical Temple
  4171 | Temple   | Became a worshipper of Kikubaaqudgha
  4318 | D:5      | You fall into a shaft and drop 2 floors!
  4344 | D:7      | Found a basalt altar of Yredelemnul.
  4747 | D:7      | Reached * piety under Kikubaaqudgha
  4747 | D:7      | Received a gift from Kikubaaqudgha
  4756 | D:7      | Learned a level 5 spell: Curse of Agony
  4759 | D:7      | Learned a level 2 spell: Cigotuvi's Dreadful Rot
  4762 | D:7      | Learned a level 2 spell: Sublimation of Blood
  4872 | D:7      | Noticed Menkaure
  4898 | D:7      | HP: 1/34 [killer bee (5)]
  4899 | D:7      | Engulfed by a cloud of foul pestilence

Illustrated notes

Levels and vault maps discovered:
D:1:      dpeg_arrival_orchard, layout_rooms, corexii_item_surrounded_by_moat,
          nrook_loot_triangle, minmay_fountain_box
D:2:      minmay_angry_zag, layout_loops_ring
D:3:      layout_basic
D:4:      layout_basic, nicolae_wu_jian_immortal_techniques,
          hellmonk_guarded_unrand_hermit
D:5:      layout_rooms, minmay_temple_entry_antechambers
D:7:      layout_cave_pools, lemuel_zombie_altar_yredelemnul,
          ebering_dispersal_statue_hall, uniq_menkaure
Temple:   nicolae_temple_bog_church

Skill      XL: |  1  2  3  4  5  6  7  8 |
---------------+-------------------------+-----
Spellcasting   | 3 4 5 6 8 |  8.0
Necromancy     | 5 6 7 8 |  8.8
Dodging        | |  1.5
Stealth        | |  2.4

Action                     |  1- 3 |  4- 6 |  7- 9 || total
---------------------------+-------+-------+-------++-------
  Melee: Unarmed           |    56 |       |       ||    56
         Bite              |    16 |    29 |    25 ||    70
         Short sword       |    14 |    85 |       ||    99
         Punch             |       |     1 |     5 ||     6
         Dagger            |       |    10 |   101 ||   111
   Cast: Necrotise         |    37 |    66 |    78 ||   181
         Vampiric Draining |       |     1 |    13 ||    14
         Cigotuvi's Dreadf |       |       |     2 ||     2
    Use: Scroll            |       |     2 |       ||     2
         Potion            |       |       |     2 ||     2
   Stab: Sleeping          |       |     3 |     1 ||     4
 Armour: Robe              |    41 |    77 |   115 ||   233
  Dodge: Dodged            |    59 |    74 |    89 ||   222
  Block: Other             |       |     7 |    39 ||    46
         Reflection        |       |       |     2 ||     2
